 Dungeon Crawl Stone Soup version 0.30-a0-414-gcb316572d5 (webtiles) character file.

Game seed: 9509922128028259987

19010 greasedhog the Cleaver (level 12, -5/106 HPs)
             Began as a Pale Draconian Fighter on Dec 7, 2022.
             Was an Initiate of Qazlal.
             Slain by a spriggan
             ... wielding the +10 zealot's sword {holy, *Rage rN+ EV+3}
              (30 damage)
             ... in a bailey.
             The game lasted 00:15:12 (10152 turns).

greasedhog the Cleaver (Pale Draconian Fighter)    Turns: 10152, Time: 00:15:13

Health: -5/106     AC:  9    Str: 22    XL:     12   Next: 32%
Magic:  13/13      EV: 13    Int:  9    God:    Qazlal [......]
Gold:   460        SH:  9    Dex: 12    Spells: 11/11 levels left

rFire   . . .      SeeInvis .    a - +0 war axe (vamp)
rCold   . . .      Faith    .    z - +0 kite shield
rNeg    . . .      Spirit   .    (body armour unavailable)
rPois   +          Reflect  .    (helmet restricted)
rElec   .          Harm     .    (no cloak)
rCorr   .          Rampage  .    (no gloves)
Will    +....                    l - +0 pair of boots
Stlth   +.........               (no amulet)
HPRegen 0.37/turn                u - ring of poison resistance
MPRegen 0.13/turn                q - ring of willpower

@: short of breath
A: breathe steam, AC +8, unfitting armour, cold-blooded, steam resistance
a: Breathe Steam, Renounce Religion


You were in a bailey.
You worshipped Qazlal.
Qazlal was noncommittal.
You visited 2 branches of the dungeon, and saw 11 of its levels.
You also visited: Bailey.

You collected 460 gold pieces.

Inventory:

Hand Weapons
 a - a +0 vampiric war axe (weapon)
Armour
 l - a +0 pair of boots (worn)
 z - a +0 kite shield (worn)
Jewellery
 g - a ring of ice
 m - a ring of positive energy
 n - a +6 ring of strength
 q - a ring of willpower (right hand)
 u - a ring of poison resistance (left hand)
Wands
 p - a wand of flame (26)
 t - a wand of polymorph (8)
 F - a wand of light (1)
Scrolls
 e - a scroll of fear
 h - 2 scrolls of brand weapon
 o - a scroll of magic mapping
 r - a scroll of silence
 v - 2 scrolls of enchant weapon
 w - 2 scrolls of summoning
 x - 2 scrolls of immolation
 y - a scroll of enchant armour
 G - a scroll of amnesia {unknown}
Potions
 b - 2 potions of haste
 c - 2 potions of might
 d - 4 potions of mutation
 f - 2 potions of lignification {unknown}
 i - 2 potions of degeneration {unknown}
 j - a potion of curing
 k - a potion of magic {unknown}
 s - 2 potions of brilliance {unknown}
 A - a potion of resistance {unknown}
 B - a potion of flight {unknown}
 C - a potion of invisibility {unknown}
 D - 2 potions of attraction {unknown}


   Skills:
 - Level 10.2 Fighting
 * Level 14.6 Axes
 * Level 8.0 Dodging
 * Level 6.6 Shields
 + Level 2.3 Invocations


You had 11 spell levels left.
You didn't know any spells.
Your spell library contained the following spells:

 Spells                   Type           Power      Damage    Failure   Level
 Dazzling Flash           Conj/Hex       0%         N/A       97%         3
 Ozocubu's Armour         Ice            0%         N/A       97%         3
 Olgreb's Toxic Radiance  Pois           0%         N/A       100%        4
 Agony                    Necr           0%         N/A       100%        5
 Silence                  Hex/Air        0%         N/A       100%        5
 Ozocubu's Refrigeration  Ice            0%         4d7       100%        7
 Ignition                 Fire           0%         3d3       100%        8


Dungeon Overview and Level Annotations

Branches:
Dungeon (10/15)            Temple (1/1) D:6             Orc (0/2) D:10
 Bailey (1/1)
   Lair: D:8-11

Altars:
Ashenzari
Cheibriados
Dithmenos
Elyvilon
Fedhas
Gozag
Hepliaklqana
Kikubaaqudgha
Makhleb
Nemelex Xobeh
Okawaru
Qazlal
Ru
Sif Muna
Trog
Uskayaw
Vehumet
Wu Jian
Xom
Yredelemnul
Zin
The Shining One

Shops:
D:1 (

Annotations:
D:7 Menkaure


Innate Abilities, Weirdness & Mutations

You can breathe blasts of scalding, opaque steam.
Your pale cyan-grey scales are hard. (AC +8)
You cannot fit into any form of body armour.
You are cold-blooded and may be slowed by cold attacks.
You are immune to the effects of steam.


Message History

Things that are here:
a +0 glaive; an ogre corpse You closely miss the spriggan.
The spriggan hits you with the +10 zealot's sword {holy, *Rage rN+ EV+3}!!
You block the ogre's attack.
You hit the spriggan.
Your tail-slap misses the spriggan.
The spriggan is lightly wounded.
The spriggan barely misses you. You block the spriggan's attack.
You miss the spriggan.
Your tail-slap misses the spriggan.
The spriggan is lightly wounded.
You have got your breath back.
The ogre closely misses you.
The spriggan hits you with the +10 zealot's sword {holy, *Rage rN+ EV+3}!
You closely miss the spriggan.
The spriggan goes berserk!
The ogre goes berserk!
You block the spriggan's attack. The ogre barely misses you.
The spriggan hits you with the +10 zealot's sword {holy, *Rage rN+ EV+3}!!
Aiming: Breathe Steam (1% risk of failure)
Press: ? - help, Shift-Dir - straight line, f - ogre
Aim: an ogre, wielding a +0 halberd (berserk, 88% to hit)
You exhale a blast of scalding steam.
The ball of steam hits the spriggan!
The spriggan is moderately wounded.
The ball of steam hits the ogre!
The ogre is moderately wounded.
You hear a shout!
The spriggan is engulfed in a cloud of scalding steam.
The spriggan hits you with the +10 zealot's sword {holy, *Rage rN+ EV+3}!
* * * LOW HITPOINT WARNING * * *
The ogre is engulfed in a cloud of scalding steam.
The ogre hits you but does no damage.
You hear an angry hiss.
Aiming: Bolt of Light
Press: ? - help, Shift-Dir - straight line, f/p - ogre
Aim: an ogre, wielding a +0 halberd (steam, heavily wounded, berserk, 86% to hit)
The bolt of light misses the spriggan.
The bolt of light hits the ogre!
The ogre is almost dead.
The ogre is blinded.
The spriggan is engulfed in a cloud of scalding steam.
The spriggan hits you with the +10 zealot's sword {holy, *Rage rN+ EV+3}!!
You die...

#..~~~. #.
#..~~~. #.
♣..~~~. #..
#..~~~. #..
#..~)). #...
#♣..###. #.O♣
##..## #.
#.i## #♣..##
##
#)@#♣##♣##..##
#
##)........##
##.......##
#########


You could see an ogre (berserk, blind) and a spriggan (berserk, fast).

Vanquished Creatures
  Fannar (D:10)
  A two-headed ogre (D:9)
  A deep elf pyromancer (D:7)
  A cyclops (D:7)
  A slime creature (D:7)
  3 hornets
  13 yaks
  Sigmund (D:5)
  A wyvern (D:9)
  2 spriggans (Bailey)
  2 steam dragons
  A water moccasin (D:7)
  2 orc warriors (D:7)
  3 black bears
  An ice beast (D:6)
  A sky beast (D:7)
  8 ogres
  A phantom (D:6)
  7 centaurs
  A kobold brigand (D:9)
  3 bullfrogs
  4 gnoll sergeants
  5 scorpions
  4 wights (D:8)
  11 killer bees
  5 electric eels (D:7)
  6 hounds
  4 orc priests
  3 jellies (D:7)
  5 iguanas
  3 orc wizards
  14 gnolls
  8 adders
  A shadow imp (D:6)
  2 white imps
  A worm (D:3)
  A dart slug (D:1)
  25 orcs
  5 ball pythons
  4 bats (D:1)
  5 endoplasms
  2 giant cockroaches
  7 goblins
  8 hobgoblins
  3 jackals (D:4)
  2 quokkas
  3 frilled lizards
  10 kobolds
  6 rats
212 creatures vanquished.

Vanquished Creatures (others)
  2 yaks (D:10)
  74 plants
76 creatures vanquished.

Grand Total: 288 creatures vanquished

Notes
Turn   | Place    | Note
-------+----------+-------------------------------------------
     0 | D:1      | greasedhog the Draconian Fighter began the quest for the
                  | Orb.
     0 | D:1      | Reached XP level 1. HP: 19/19 MP: 1/1
    31 | D:1      | Found a faded altar of an unknown god.
   119 | D:1      | Reached XP level 2. HP: 26/26 MP: 2/2
   177 | D:1      | Found Pobruvi's Antique Weapon Boutique.
   473 | D:1      | Reached XP level 3. HP: 33/33 MP: 3/3
  1286 | D:2      | Reached skill level 3 in Axes
  2258 | D:3      | Reached XP level 4. HP: 41/41 MP: 4/4
  2795 | D:4      | Noticed a scorpion
  2804 | D:3      | Killed a scorpion
  2805 | D:3      | Reached skill level 5 in Fighting
  2805 | D:3      | Reached skill level 4 in Axes
  2805 | D:3      | Reached XP level 5. HP: 46/48 MP: 5/5
  3125 | D:4      | Noticed an ogre
  3133 | D:4      | Killed an ogre
  3134 | D:4      | Reached XP level 6. HP: 23/57 MP: 6/6
  3625 | D:5      | Entered Level 5 of the Dungeon
  3734 | D:5      | Found a bloodstained altar of Trog.
  3745 | D:5      | Reached skill level 5 in Axes
  3754 | D:5      | Your scales start taking on a pale cyan-grey colour.
  3754 | D:5      | Reached XP level 7. HP: 38/64 MP: 7/7
  3754 | D:5      | Gained mutation: You are immune to the effects of steam.
                  | [Pale Draconian growth]
  4005 | D:5      | Reached skill level 6 in Axes
  4027 | D:5      | Noticed Sigmund
  4033 | D:5      | Killed Sigmund
  4533 | D:6      | Reached XP level 8. HP: 73/74 MP: 8/8
  4595 | D:6      | Reached skill level 7 in Axes
  4624 | D:6      | Reached skill level 8 in Axes
  4646 | D:6      | Reached XP level 9. HP: 7/85 MP: 9/9
  4962 | D:6      | Reached skill level 10 in Fighting
  5032 | D:6      | Reached skill level 9 in Axes
  5372 | D:6      | Found a staircase to the Ecumenical Temple.
  5386 | Temple   | Entered the Ecumenical Temple
  6111 | D:7      | Reached skill level 10 in Axes
  6117 | D:7      | Reached skill level 5 in Dodging
  6686 | D:7      | Noticed Menkaure
  6692 | D:7      | Reached XP level 10. HP: 35/93 MP: 10/10
  7059 | D:7      | Noticed a cyclops
  7060 | D:7      | Noticed a deep elf pyromancer
  7081 | D:7      | Killed a deep elf pyromancer
  7086 | D:7      | Killed a cyclops
  7706 | D:8      | Reached skill level 11 in Axes
  8321 | D:8      | Reached skill level 5 in Shields
  8574 | D:9      | Noticed a two-headed ogre
  8582 | D:9      | Killed a two-headed ogre
  8719 | D:9      | Found a stormy altar of Qazlal.
  8720 | D:9      | Found a snail-covered altar of Cheibriados.
  8726 | D:9      | Found a glowing golden altar of the Shining One.
  8729 | D:9      | Became a worshipper of Qazlal Stormbringer
  8731 | D:9      | Found a hazy altar of Hepliaklqana.
  8732 | D:9      | Found an iron altar of Okawaru.
  8733 | D:9      | Found a shadowy altar of Dithmenos.
  8737 | D:9      | Found a basalt altar of Yredelemnul.
  9026 | D:9      | Reached XP level 11. HP: 71/100 MP: 11/11
  9184 | D:9      | Reached skill level 1 in Invocations
  9430 | D:10     | Entered Level 10 of the Dungeon
  9447 | D:10     | Noticed Fannar
  9465 | D:10     | HP: 5/100 [Fannar/bolt of cold (32)]
  9483 | D:10     | Killed Fannar
  9873 | D:10     | Reached skill level 14 in Axes
  9873 | D:10     | Reached XP level 12. HP: 60/106 MP: 13/13
  9906 | D:10     | Found a staircase to the Orcish Mines.
  9911 | D:10     | Found a flagged portal.
  9983 | Bailey   | Entered a bailey
 10152 | Bailey   | Slain by a spriggan

Illustrated notes

Levels and vault maps discovered:
D:1:      tekkud_arrival_beachfront_property, layout_loops_ring,
          shapermc_ecumenical_altar_totnotflames, serial_shops, shop,
          kennysheep_boxes
D:2:      layout_basic
D:3:      layout_basic, chequers_arboretum
D:4:      layout_basic
D:5:      layout_basic, trog_ov_bears_minmay, uniq_sigmund
D:6:      minmay_angry_zag, layout_rooms, temple_hall
D:7:      minmay_chambers_of_sixes, layout_basic, serial_bayou,
          serial_bayou_pond_d, serial_bayou_lake_a, serial_bayou_pond_a,
          serial_bayou_pond_d, uniq_menkaure
D:8:      layout_basic
D:9:      layout_loops_ring, minitemple, kennysheep_generic_room_7
D:10:     layout_loops_ring, lair_entry_dummy, orc_0_dummy, enter_bailey_2,
          hangedman_minor_magic, uniq_grum, uniq_sonja, uniq_erica, uniq_fannar
Temple:   jpeg_temple_clearing
Bailey:   bailey_polearm_enchanted_keep_hellmonk, bailey

Skill      XL: |  1  2  3  4  5  6  7  8  9 10 11 12 |
---------------+-------------------------------------+-----
Dodging        | 3 5 7 8 |  8.0
Fighting       | 4 5 6 7 9 10 | 10.2
Axes           | 3 4 5 6 8 10 11 14 | 14.6
Shields        | 5 6 |  6.6
Invocations    | 2 |  2.3

Action                   |  1- 3 |  4- 6 |  7- 9 | 10-12 || total
-------------------------+-------+-------+-------+-------++-------
Melee: War axe           |   110 |    97 |   230 |   239 ||   676
       Tailslap          |     8 |    10 |    40 |    33 ||    91
Throw: Throwing net      |       |       |       |     2 ||     2
 Abil: Breathe Steam     |       |       |    14 |    11 ||    25
Evoke: Wand              |       |       |       |     5 ||     5
  Use: Scroll            |     6 |     4 |     4 |     4 ||    18
       Potion            |       |       |       |     2 ||     2
 Stab: Sleeping          |     1 |       |     1 |       ||     2
       Held in net/web   |       |       |       |     3 ||     3
       Distracted        |       |       |       |     1 ||     1
Armor: Skin              |    43 |    25 |    69 |    56 ||   193
Dodge: Dodged            |    80 |    49 |   143 |   106 ||   378
Block: Buckler           |    24 |    26 |    64 |       ||   114
       Kite shield       |       |       |     3 |   113 ||   116

Table legend: (Time is in decaauts)
 A = Elapsed time spent in this place.
 B = Non-inter-level travel time spent in this place.
 C = Inter-level travel time spent in this place.
 D = Time resting spent in this place.
 E = Time spent auto-exploring this place.
 F = Levels seen in this place.
 G = Mean time per level.
                   A        B        C        D        E       F      G
               +--------+--------+--------+--------+--------+-----+--------+
         Total |  10324 |  10034 |    290 |   1592 |   6655 |  12 |  860.3 |
       Dungeon |  10064 |   9792 |    272 |   1493 |   6562 |  10 | 1006.4 |
        Temple |     89 |     71 |     18 |      0 |     58 |   1 |   89.0 |
        Bailey |    171 |    171 |      0 |     99 |     34 |   1 |  171.0 |
               +--------+--------+--------+--------+--------+-----+--------+

Top non-repeatable levels by time:
     D:7: 2019 daAuts
     D:3: 1302 daAuts
     D:5: 1123 daAuts
     D:9: 940 daAuts
     D:1: 934 daAuts
     D:6: 863 daAuts
     D:8: 862 daAuts
     D:4: 834 daAuts
     D:2: 625 daAuts
    D:10: 558 daAuts
  Bailey: 171 daAuts
  Temple: 89 daAuts
